Map: Simulacrum LE

Players

EvilPanda

  • Race: Zerg Zerg
  • League: Platinum
  • Spawn Location: 11:00

PorterStrike - Winner!

  • Race: Zerg Zerg
  • League: Platinum
  • Spawn Location: 5:00

VOD

Have the link to the VOD?

Description

Time

  • Played on: May 11, 2020, 1:39 p.m.
  • Length: 6:25
Show
View Real Time Build Order
Export as new Build Order

EvilPanda Zerg 

Build Orders: Hatch First 

Get SALT Encoding   

  12  0:02  Drone  
  13  0:12  Overlord  
  13  0:17  Drone  
  14  0:30  Drone  
  14  0:31  Drone  
  16  0:40  Drone  
  17  0:54  Hatchery  
  16  1:00  Drone x2  
  18  1:05  Extractor  
  17  1:21  Spawning Pool  
  17  1:22  Drone  
  17  1:25  Drone  
  18  1:29  Drone  
  19  1:51  Overlord  
  19  1:52  Drone  
  20  2:08  Queen x2  
  20  2:09  Zergling x2  
  20  2:10  Zergling x2  
  26  2:21  Metabolic Boost  
  26  2:28  Baneling Nest  
  26  2:29  Drone x2  
  27  2:48  Drone x3, Spine Crawler  
  29  2:53  Zergling x4  
  31  3:01  Zergling x2  
  31  3:02  Zergling x4  
  23  3:35  Zergling x4  
  25  3:42  Drone  
  25  3:43  Drone x6  
  25  3:46  Extractor  
  31  3:53  Baneling x4  
  31  4:02  Hatchery  
  31  4:17  Hatchery  
  29  4:27  Spine Crawler  
  27  4:32  Overlord  
  27  4:38  Zergling x6  
  30  4:40  Overlord x2  
  30  4:55  Queen  
  31  5:01  Zergling x8  
  33  5:26  Zergling x8  
  36  5:28  Baneling x4  
  36  5:29  Baneling x3  
  35  5:46  Zergling x8  
  39  6:01  Zergling x4  
  41  6:08  Hatchery  
  41  6:09  Drone, Roach Warren  
Show
View Real Time Build Order
Export as new Build Order

PorterStrike Zerg - Winner!

Build Orders: Hatch First 

Get SALT Encoding   

  12  0:03  Drone  
  13  0:35  Hatchery  
  12  0:59  Drone  
  12  1:00  Drone, Spawning Pool  
  13  1:06  Drone  
  14  1:47  Zergling x2  
  14  1:48  Zergling x4  
  17  1:56  Extractor  
  16  2:02  Zergling x6  
  19  2:13  Hatchery  
  19  2:15  Zergling x4  
  20  2:25  Overlord  
  20  2:46  Roach Warren  
  20  2:47  Drone x2  
  21  2:56  Drone  
  21  3:12  Zergling x4  
  22  3:15  Zergling x2  
  22  3:32  Zergling x6  
  24  3:38  Drone  
  25  3:50  Drone x2  
  25  3:52  Drone  
  28  4:03  Drone x2  
  30  4:13  Drone x2  
  28  4:28  Zergling x8  
  30  4:43  Zergling x2  
  30  4:44  Zergling x4  
  33  4:54  Overlord x2  
  33  5:05  Drone x2  
  34  5:07  Overlord x2  
  31  5:35  Roach x6  
  43  5:36  Roach x2  
  50  5:57  Roach x6  
  57  6:05  Roach  
Tags
 
Add a new tag
Caveats
  • Supply blocks, unpowered buildings, or Contaminate may cause inaccurate times.
  • Supply counts are checked every 10 seconds.